 Dungeon Crawl Stone Soup version 0.29.1-2-gbd0b4ee654 (webtiles) character file.

Game seed: 747361039118924918

241 DocClef the Insei (level 6, -2/47 HPs)
             Began as a Gnoll Transmuter on Nov 6, 2022.
             Was an Initiate of Okawaru.
             Killed from afar by an orc wizard (11 damage)
             ... with a puff of flame
             ... on level 4 of the Dungeon.
             The game lasted 00:05:00 (3371 turns).

DocClef the Insei (Gnoll Transmuter)                Turns: 3371, Time: 00:05:01

Health: -2/47      AC:  2    Str: 11    XL:     6   Next: 8%
Magic:  0/23       EV: 13    Int: 13    God:    Okawaru [......]
Gold:   137        SH:  0    Dex: 12    Spells: 12/15 levels left

rFire   . . .      SeeInvis .     - Unarmed
rCold   . . .      Faith    .   (no shield)
rNeg    . . .      Spirit   +   a - +0 robe
rPois   .          Reflect  .   (helmet currently unavailable)
rElec   .          Harm     .   c - scarf {+Inv}
rCorr   .          Rampage  .   (no gloves)
Will    .....                   (boots currently unavailable)
Stlth   +.........              e - amulet of guardian spirit
HPRegen 0.15/turn               m - ring of magical power
MPRegen 0.18/turn               (no ring)

@: confused, appendages
A: horns 2, talons 2, fangs 1, strong nose, distributed training
a: End Transformation, Renounce Religion, Evoke Invisibility


You were on level 4 of the Dungeon.
You worshipped Okawaru.
Okawaru was noncommittal.
You had temporarily grown beastly horns and talons.
You visited 1 branch of the dungeon, and saw 4 of its levels.

You collected 137 gold pieces.

Inventory:

Hand Weapons
 u - the +8 sling of Taxation {flame, rPois rC+}
   (You found it on level 4 of the Dungeon)

   Any ammunition fired from it burns those it strikes, dealing additional fire
   damage.
   rC:        It protects you from cold.
   rPois:     It protects you from poison.
Armour
 a - a +0 robe (worn)
 c - a scarf of invisibility (worn)
 f - a +0 helmet (melded)
Jewellery
 e - an amulet of guardian spirit (around neck)
 m - a ring of magical power (left hand)
 o - a ring of ice
Scrolls
 g - a scroll of teleportation {unknown}
 i - 3 scrolls of silence {unknown}
 l - a scroll of identify {unknown}
 r - a scroll of butterflies {unknown}
 s - a scroll of noise {unknown}
Potions
 b - a potion of lignification
 h - a potion of ambrosia {unknown}
 j - a potion of heal wounds {unknown}
 k - a potion of cancellation {unknown}
 n - a potion of might {unknown}
 p - a potion of flight {unknown}
 q - 2 potions of attraction {unknown}
 t - a potion of brilliance {unknown}


   Skills:
 + Level 3.2 Fighting
 + Level 1.8 Short Blades
 + Level 1.8 Long Blades
 + Level 1.8 Axes
 + Level 1.8 Maces & Flails
 + Level 1.8 Polearms
 + Level 1.8 Staves
 + Level 1.8 Ranged Weapons
 + Level 1.8 Throwing
 + Level 1.8 Armour
 + Level 4.9 Dodging
 + Level 1.8 Stealth
 + Level 1.8 Shields
 + Level 6.8 Unarmed Combat
 + Level 5.3 Spellcasting
 + Level 1.4 Conjurations
 + Level 1.4 Hexes
 + Level 1.4 Summonings
 + Level 1.4 Necromancy
 + Level 1.4 Translocations
 + Level 4.1 Transmutations
 + Level 1.4 Fire Magic
 + Level 1.4 Ice Magic
 + Level 1.4 Air Magic
 + Level 1.4 Earth Magic
 + Level 1.4 Poison Magic
 + Level 2.0 Invocations
 + Level 1.8 Evocations


You had 12 spell levels left.
You knew the following spells:

 Your Spells              Type           Power      Damage    Failure   Level
a - Beastly Appendage     Tmut           28%        N/A       3%          1
b - Wereblood             Tmut           14%        N/A       4%          2

Your spell library contained the following spells:

 Spells                   Type           Power      Damage    Failure   Level
 Apportation              Tloc           14%        N/A       10%         1
 Magic Dart               Conj           28%        1d4       10%         1
 Necrotise                Necr           28%        1d5       10%         1
 Searing Ray              Conj           14%        2d5       16%         2
 Spider Form              Tmut/Pois      10%        N/A       17%         3
 Ice Form                 Ice/Tmut       10%        N/A       50%         4
 Fulminant Prism          Conj/Hex       3%         3d6       69%         4
 Summon Small Mammal      Summ           Unusable   N/A       N/A         1

Dungeon Overview and Level Annotations

Branches:
Dungeon (4/15)
 Temple: D:4-7

Altars:
Makhleb
Okawaru


Innate Abilities, Weirdness & Mutations

You have temporarily grown beastly horns and talons.
You have very sharp teeth.
Your uncanny sense of smell can sniff out nearby items.
Your experience applies equally to all skills.


Message History

You feel better.
You hear some strange, mumbled words.
You are confused.
A goblin comes into view. It is wielding a +0 dagger.
The goblin shouts!
Something hits you.
You miss something. Your kick misses something.
You hear some strange, mumbled words.
You are more confused.
You hit something but do no damage. Something hits you.
You hear some strange, mumbled words.
You are more confused.
A gnoll comes into view. It is wielding a +0 spear.
A gnoll comes into view. It is wielding a +0 spear.
The gnoll shouts!
The goblin closely misses you.
An orc wizard appears from thin air!
Reactivating autopickup.
You punch the goblin!
You kill the goblin!
Okawaru accepts your kill.
The orc wizard hits you with a +0 dagger of speed.
* * * LOW HITPOINT WARNING * * *
The orc wizard hits you with a +0 dagger of speed.
* * * LOW HITPOINT WARNING * * *
A gnoll comes into view. It is wielding a +0 whip.
The gnoll shouts!
A gnoll comes into view. It is wielding a +0 club.
The gnoll shouts! x2
The gnoll hits you but does no damage.
The orc wizard hits you with a +0 dagger of speed.
* * * LOW HITPOINT WARNING * * *
The orc wizard attacks as you move away!
The orc wizard hits you with a +0 dagger of speed.
* * * LOW HITPOINT WARNING * * *
The gnoll hits you from afar with a +0 spear.
You see here a +0 short sword.
The orc wizard casts a spell at you. The puff of flame hits you!
You die...

.........##.##..### ...
.....##..#....#. #..g
#...#.......... #
#..g##...#..........
#.##...g......)........
......##g..)...#.##....
#.......#.....##... ...
#........)o....#?.## .8
#........@#....#... .
...8....###.........
#.......# ##.........
###...... .........
#.....## ##.#.....
....... ....... .......
.##... ..!....


You could see an orc wizard and a gnoll.

Vanquished Creatures
  Sigmund (D:2)
  2 adders
  2 dart slugs (D:1)
  2 orcs
  6 endoplasms
  4 giant cockroaches
  4 goblins
  4 hobgoblins
  3 quokkas
  3 ball pythons
  3 bats
  2 frilled lizards (D:1)
  7 kobolds
  10 rats
53 creatures vanquished.

Notes
Turn   | Place    | Note
-------+----------+-------------------------------------------
     0 | D:1      | DocClef the Gnoll Transmuter began the quest for the Orb.
     0 | D:1      | Reached XP level 1. HP: 17/17 MP: 6/6
   272 | D:1      | Found a faded altar of an unknown god.
   350 | D:1      | Reached XP level 2. HP: 22/23 MP: 5/7
   825 | D:1      | Reached skill level 5 in Spellcasting
   825 | D:1      | Reached XP level 3. HP: 25/28 MP: 6/9
  1302 | D:2      | Reached skill level 1 in Invocations
  1505 | D:2      | Noticed Sigmund
  1728 | D:2      | Reached skill level 1 in Short Blades
  1728 | D:2      | Reached skill level 1 in Long Blades
  1728 | D:2      | Reached skill level 1 in Axes
  1728 | D:2      | Reached skill level 1 in Maces & Flails
  1728 | D:2      | Reached skill level 1 in Polearms
  1728 | D:2      | Reached skill level 1 in Staves
  1728 | D:2      | Reached skill level 1 in Ranged Weapons
  1728 | D:2      | Reached skill level 1 in Throwing
  1728 | D:2      | Reached skill level 1 in Armour
  1728 | D:2      | Reached skill level 1 in Stealth
  1728 | D:2      | Reached skill level 1 in Shields
  1728 | D:2      | Reached skill level 1 in Evocations
  1907 | D:3      | Reached XP level 4. HP: 27/34 MP: 11/11
  2044 | D:3      | Found an iron altar of Okawaru.
  2083 | D:3      | Found a burning altar of Makhleb.
  2249 | D:3      | Learned a level 2 spell: Wereblood
  2479 | D:3      | Became a worshipper of Warmaster Okawaru
  2769 | D:2      | Killed Sigmund
  2770 | D:2      | Reached skill level 1 in Conjurations
  2770 | D:2      | Reached skill level 1 in Hexes
  2770 | D:2      | Reached skill level 1 in Summonings
  2770 | D:2      | Reached skill level 1 in Necromancy
  2770 | D:2      | Reached skill level 1 in Translocations
  2770 | D:2      | Reached skill level 1 in Fire Magic
  2770 | D:2      | Reached skill level 1 in Ice Magic
  2770 | D:2      | Reached skill level 1 in Air Magic
  2770 | D:2      | Reached skill level 1 in Earth Magic
  2770 | D:2      | Reached skill level 1 in Poison Magic
  2770 | D:2      | Reached XP level 5. HP: 26/41 MP: 12/12
  2770 | D:2      | Reached XP level 6. HP: 30/47 MP: 12/13
  3223 | D:4      | Identified the +8 sling of Taxation {flame, rPois rC+}
  3371 | D:4      | Killed from afar by an orc wizard

Illustrated notes

Levels and vault maps discovered:
D:1:      matt_arrival_refuge, layout_basic,
          dreamdust_ecumenical_altar_angels_and_demons
D:2:      layout_loops_cross, nicolae_kite_square_tiling_tiny,
          minmay_misc_feat_doors, minmay_pentomino_x4, uniq_sigmund
D:3:      layout_loops_ring, mainiacjoe_overflow_concentric_impassable,
          mainiacjoe_overflow_small_starburst
D:4:      layout_cave_pools, grunt_dithmenos_smoke, grunt_gozag_breadcrumbs,
          serial_column_ruins, column_ruins_columns_straight,
          column_ruins_grid_1, column_ruins_grid_1, column_ruins_corridor_plus,
          column_ruins_grid_3, column_ruins_grid_3, gup_sewer_entry_pipe,
          roderic_st_hans_cross, uniq_robin

Skill      XL: |  1  2  3  4 |
---------------+-------------+-----
Spellcasting   | 5 |  5.3
Invocations    | 1 2 |  2.0
Short Blades   | 1 |  1.8
Long Blades    | 1 |  1.8
Axes           | 1 |  1.8
Maces & Flails | 1 |  1.8
Polearms       | 1 |  1.8
Staves         | 1 |  1.8
Ranged Weapons | 1 |  1.8
Throwing       | 1 |  1.8
Armour         | 1 |  1.8
Stealth        | 1 |  1.8
Shields        | 1 |  1.8
Evocations     | 1 |  1.8
Fighting       | 3 |  3.2
Conjurations   | 1 |  1.4
Hexes          | 1 |  1.4
Summonings     | 1 |  1.4
Necromancy     | 1 |  1.4
Translocations | 1 |  1.4
Transmutations | 4 |  4.1
Fire Magic     | 1 |  1.4
Ice Magic      | 1 |  1.4
Air Magic      | 1 |  1.4
Earth Magic    | 1 |  1.4
Poison Magic   | 1 |  1.4
Dodging        | |  4.9
Unarmed Combat | |  6.8

Action                   |  1- 3 |  4- 6 || total
-------------------------+-------+-------++-------
Melee: Unarmed           |    84 |    63 ||   147
       Kick              |     9 |     8 ||    17
       Bite              |     6 |     6 ||    12
       Headbutt          |     5 |     2 ||     7
       Punch             |     2 |     1 ||     3
 Cast: Beastly Appendage |    20 |     9 ||    29
  Use: Potion            |       |     2 ||     2
 Stab: Sleeping          |     3 |     1 ||     4
Armor: Robe              |    21 |    17 ||    38
Dodge: Dodged            |    39 |    43 ||    82
